 Dungeon Crawl Stone Soup version 0.29.1-13-g9f3cf754e1 (webtiles) character file.

Game seed: 486570711812767888

125 khekkus the Sneak (level 5, -3/28 HPs)
             Began as a Kobold Enchanter on Jan 27, 2023.
             Slain by an ogre
             ... wielding a +0 giant club
              (31 damage)
             ... on level 5 of the Dungeon.
             The game lasted 00:11:58 (4375 turns).

khekkus the Sneak (Kobold Enchanter)                Turns: 4375, Time: 00:12:00

Health: -3/28      AC:  3    Str:  6    XL:     5   Next: 30%
Magic:  6/8        EV: 15    Int: 18    God:
Gold:   263        SH:  0    Dex: 15    Spells: 0/8 levels left

rFire   . . .      SeeInvis .   a - +2 dagger
rCold   . . .      Faith    .   (no shield)
rNeg    . . .      Spirit   .   b - +1 robe
rPois   .          Reflect  .   (no helmet)
rElec   .          Harm     .   (no cloak)
rCorr   .          Rampage  .   (no gloves)
Will    .....                   (no boots)
Stlth   ++++......              (no amulet)
HPRegen 0.09/turn               (no ring)
MPRegen 0.11/turn               (no ring)

@: no status effects
A: small, no large weapons, nightstalker 3
a: no special abilities


You were on level 5 of the Dungeon.
You visited 1 branch of the dungeon, and saw 5 of its levels.

You collected 263 gold pieces.

Inventory:

Hand Weapons
 a - a +2 dagger (weapon)
Armour
 b - a +1 robe (worn)
Magical Staves
 o - a staff of cold
Wands
 j - a wand of flame (18)
Scrolls
 e - a scroll of teleportation
 l - 3 scrolls of enchant armour
Potions
 c - 2 potions of invisibility
 d - 2 potions of cancellation
 f - a potion of magic
 g - a potion of mutation {unknown}
 h - a potion of ambrosia {unknown}
 i - 2 potions of might
 k - a potion of haste {unknown}
 m - 2 potions of curing {unknown}
 n - a potion of lignification {unknown}
 p - a potion of degeneration {unknown}


   Skills:
 + Level 0.0 Fighting
 + Level 2.4 Short Blades
 + Level 2.6 Dodging
 + Level 4.1 Stealth
 + Level 2.3 Spellcasting
 + Level 0.0 Conjurations
 * Level 4.0 Hexes
 - Level 3.0 Ice Magic


You couldn't memorise any spells.
You knew the following spells:

 Your Spells              Type           Power      Damage    Failure   Level
a - Ensorcelled Hibernat  Hex/Ice        28%        N/A       6%          2
b - Tukima's Dance        Hex            16%        N/A       10%         3
c - Dazzling Flash        Conj/Hex       18%        N/A       22%         3

Your spell library contained the following spells:

 Spells                   Type           Power      Damage    Failure   Level
 Confusing Touch          Hex            16%        N/A       10%         3
 Apportation              Tloc           4%         N/A       19%         1
 Alistair's Intoxication  Tmut/Pois      1%         N/A       99%         5


Dungeon Overview and Level Annotations

Branches:
Dungeon (5/15)
 Temple: D:4-7

Altars:
Yredelemnul


Innate Abilities, Weirdness & Mutations

You are small and have problems with some larger weapons.
You are completely attuned to the shadows.


Message History

The helpless dart slug fails to defend itself.
You impale the dart slug!!
You kill the dart slug!
Found an escape hatch in the ceiling.
q - a scroll labelled GURIRANENN
There is an escape hatch in the ceiling here.
You see here an adder corpse.
Found a stone staircase leading down.
You see here a +0 leather armour.
You see here a scarf of harm.
There is a stone staircase leading down here.
You see here a +0 robe.
Done exploring.
Blink to where?
Press: ? - help, Dir - move target
As you read the scroll labelled KOYRRI PEUNI, it crumbles to dust.
It was a scroll of blinking.
As you read the scroll labelled GURIRANENN, it crumbles to dust.
It is a scroll of enchant weapon.
Your +1 dagger glows red for a moment.
(D) Dungeon
Where to? (Enter - D:4, ? - help)
You see here a +0 robe.
There is a stone staircase leading down here.
You climb downwards.
Found a bronze wand.
There is a stone staircase leading up here.
j - a wand of flame (18)
An ogre comes into view. It is wielding a +0 giant club.
Found a stone staircase leading down.
The ogre shouts!
You hear a shout!
Casting: Ensorcelled Hibernation (safe; 6% risk of failure)
Confirm with . or Enter, or press ? or * to list all spells.
Aiming: Ensorcelled Hibernation (safe; 6% risk of failure)
Press: ? - help, Shift-Dir - straight line, f - ogre
Aim: an ogre, wielding a +0 giant club (chance to affect: 48%)
The ogre resists with some effort.
The ogre hits you with a +0 giant club!!
Ouch! That really hurt!
You die...

#.# #.##
#<########
##........
#.#.#.###.
#...###..#
#..##.#.#.#
# ...
#....#.##
....#@...#
##..O....#
#...#...#
#..> #.##
.... .#


You could see an ogre.

Vanquished Creatures
  5 adders
  4 worms
  2 dart slugs
  5 endoplasms
  6 giant cockroaches
  10 goblins
  3 hobgoblins
  A quokka (D:2)
  13 ball pythons
  2 bats
  3 frilled lizards
  7 kobolds
  4 rats
65 creatures vanquished.

Notes
Turn   | Place    | Note
-------+----------+-------------------------------------------
     0 | D:1      | khekkus the Kobold Enchanter began the quest for the Orb.
     0 | D:1      | Reached XP level 1. HP: 10/10 MP: 3/3
   150 | D:1      | Reached XP level 2. HP: 15/15 MP: 5/5
   153 | D:1      | Learned a level 2 spell: Ensorcelled Hibernation
  1071 | D:1      | Reached XP level 3. HP: 19/19 MP: 6/6
  1536 | D:2      | Reached skill level 1 in Ice Magic
  1871 | D:2      | Learned a level 3 spell: Tukima's Dance
  2526 | D:3      | Reached XP level 4. HP: 24/24 MP: 7/7
  3063 | D:3      | Found a faded altar of an unknown god.
  3600 | D:3      | Reached XP level 5. HP: 28/28 MP: 3/8
  3678 | D:4      | Learned a level 3 spell: Dazzling Flash
  3734 | D:4      | Found a basalt altar of Yredelemnul.
  4363 | D:5      | Entered Level 5 of the Dungeon
  4373 | D:5      | Noticed an ogre
  4375 | D:5      | Slain by an ogre

Illustrated notes

Levels and vault maps discovered:
D:1:      lemuel_arrival_hallway, layout_basic
D:2:      layout_loops_cross, serial_glass, glass_columns_a, glass_columns_b,
          minmay_pentomino_v2
D:3:      layout_loops_ring, portal_sewer_entry_d,
          nicolae_ecumenical_snake_handling, minmay_shallow_snake_nest
D:4:      layout_basic, lemuel_coloured_pillars_altar, serial_glass,
          glass_columns_b, glass_columns_a, minmay_strange_pillars
D:5:      minmay_chambers_of_fours, layout_loops_ring,
          gammafunk_temple_overflow_claw, serial_shops,
          nicolae_shop_advertising_works [nicolae_subvault_shop_adworks],
          lexackson_kobold_supper, uniq_duvessa

Skill      XL: |  1  2  3  4  5 |
---------------+----------------+-----
Short Blades   | 2 |  2.4
Ice Magic      | 1 2 3 |  3.0
Hexes          | 4 |  4.0
Dodging        | |  2.6
Stealth        | |  4.1
Spellcasting   | |  2.3

Action                   |  1- 3 |  4- 6 || total
-------------------------+-------+-------++-------
Melee: Dagger            |    91 |    49 ||   140
       Punch             |     1 |       ||     1
 Cast: Ensorcelled Hiber |    14 |    12 ||    26
  Use: Scroll            |     1 |     7 ||     8
 Stab: Sleeping          |    25 |    20 ||    45
Armor: Robe              |    12 |    12 ||    24
Dodge: Dodged            |    60 |    29 ||    89
